 Dungeon Crawl Stone Soup version 0.22-a0-800-g058c00f (webtiles) character file.

4137 royokou the Geomancer (level 10, -9/59 HPs)
             Began as a Gargoyle Earth Elementalist on July 21, 2018.
             Was a Follower of Vehumet.
             Mangled by an orc warrior
             ... wielding a +0 short sword
              (10 damage)
             ... on level 9 of the Dungeon.
             The game lasted 00:34:48 (7756 turns).

royokou the Geomancer (Gargoyle Earth Elementalist) Turns: 7756, Time: 00:34:49

Health: -9/59      AC: 17    Str: 12    XL:     10   Next: 27%
Magic:  0/28       EV: 13    Int: 19    God:    Vehumet [*.....]
Gold:   171        SH:  0    Dex: 10    Spells: 10/22 levels left

rFire    . . .     SeeInvis .   o - +3 morningstar (distort)
rCold    + . .     Gourm    .   (no shield)
rNeg     + . .     Faith    .   B - +0 leather armour {rC+}
rPois    ∞         Spirit   .   (no helmet)
rElec    +         Reflect  .   m - +1 cloak
rCorr    .         Harm     .   u - +1 pair of gloves
MR       .....                  n - +1 pair of boots
Stlth    ++........             (no amulet)
HPRegen  0.19/turn              h - ring of magical power
MPRegen  0.21/turn              (no ring)

@: no status effects
A: negative energy resistance 1, electricity resistance, unbreathing,
petrification resistance, rot immunity, AC +7
a: Renounce Religion


You were on level 9 of the Dungeon.
You worshipped Vehumet.
Vehumet was aware of your devotion.
You were not hungry.

You visited 2 branches of the dungeon, and saw 9 of its levels.

You collected 226 gold pieces.
You spent 55 gold pieces at shops.

Inventory:

Hand Weapons
 o - a +3 morningstar of distortion (weapon)
Missiles
 b - 277 stones (quivered)
Armour
 j - a +0 leather armour
 m - a +1 cloak (worn)
 n - a +1 pair of boots (worn)
 t - a +0 robe
 u - a +1 pair of gloves (worn)
 B - a +0 leather armour of cold resistance (worn)
Jewellery
 h - a ring of magical power (left hand)
 y - a cursed ring of teleportation {unknown}
 z - an uncursed ring of stealth {unknown}
 C - an uncursed amulet of faith {unknown}
 D - an uncursed amulet of guardian spirit {unknown}
Wands
 v - a wand of polymorph (17)
Scrolls
 f - 4 scrolls of identify
 i - a scroll of noise
 k - 7 scrolls of remove curse
 q - 2 scrolls of fear
 s - a scroll of teleportation
 x - a scroll of blinking {unknown}
 A - a scroll of enchant weapon
Potions
 a - 2 potions of invisibility {unknown}
 c - a potion of might {unknown}
 e - 3 potions of degeneration {unknown}
 g - 3 potions of lignification
 l - 3 potions of agility
 p - a potion of mutation {unknown}
 r - 2 potions of curing
 w - 2 potions of haste
Comestibles
 d - 16 rations
 E - a chunk of flesh


   Skills:
 + Level 5.0 Fighting
 + Level 5.0 Armour
 + Level 4.2 Dodging
 - Level 2.1 Stealth
 + Level 6.6 Spellcasting
 + Level 7.0 Conjurations
 - Level 0.7 Transmutations
 + Level 2.2 Fire Magic
 + Level 9.0 Earth Magic


You had 10 spell levels left.
You knew the following spells:

 Your Spells              Type           Power        Failure   Level  Hunger
a - Sandblast             Erth           #####.       1%          1    None
b - Passwall              Tmut/Erth      ###.....     2%          2    None
c - Stone Arrow           Conj/Erth      #####.       1%          3    ##.....
d - Lee's Rapid Deconstr  Erth           #####.....   9%          5    #####..
e - Flame Tongue          Conj/Fire      ###..        1%          1    None

Your spell library contained the following spells:

 Spells                   Type           Power        Failure   Level  Hunger
 Throw Frost              Conj/Ice       ###...       4%          2    None
 Freeze                   Ice            #...         14%         1    None
 Summon Ice Beast         Ice/Summ       #.......     80%         4    ####...
 Ozocubu's Armour         Chrm/Ice       #.......     38%         3    ##.....
 Throw Icicle             Conj/Ice       ###.....     30%         4    ####...
 Petrify                  Tmut/Erth      ###.....     19%         4    ####...


Dungeon Overview and Level Annotations

Branches:
Dungeon (9/15)             Temple (1/1) D:4            Lair (0/6) D:8
    Orc: D:9-12

Altars:
Cheibriados
Dithmenos
Gozag
Hepliaklqana
Kikubaaqudgha
Makhleb
Ru
Trog
Uskayaw
Vehumet
Wu Jian
Xom
Yredelemnul
The Shining One

Shops:
D:4 ?   D:5 (


Innate Abilities, Weirdness & Mutations

You are resistant to torment.
Your stone body is resilient. (AC +7)
You are immune to poison.
You resist negative energy. (rN+)
You are resistant to electric shocks. (rElec)
You can survive without breathing.
You are immune to petrification.
You are immune to rotting.


Message History

Aiming: Stone Arrow (safe; 1% risk of failure)
Press: ? - help, Shift-Dir - straight line, f/p - orc warrior
Aim: an orc warrior, wielding a short sword and wearing a shiny chain mail (almost dead)
The stone arrow misses the orc warrior.
The orc warrior misses you.
Casting: Stone Arrow (safe; 1% risk of failure)
Confirm with . or Enter, or press ? or * to list all spells.
Aiming: Sandblast (safe; 1% risk of failure)
Press: ? - help, Shift-Dir - straight line, f/p - orc warrior
Aim: an orc warrior, wielding a short sword and wearing a shiny chain mail (almost dead)
The blast of sand hits the orc warrior.
The orc warrior is almost dead.
b - 277 stones The orc warrior hits you with a short sword.
* * * LOW HITPOINT WARNING * * *
You barely miss the orc warrior.
The orc warrior is almost dead.
The orc warrior hits you with a short sword!
* * * LOW HITPOINT WARNING * * *
The orc warrior hits you with a short sword!
You die...

########### (
.......... ..
..†)..>.. ...
#)..o.... ....
#)# ....####@#
#....o######
#...........
.....##.....####
.... ###...# ..
#...# #...#
#####...######
#.............


You could see an orc warrior.

Vanquished Creatures
  A two-headed ogre (D:8)
  Grinder (D:5)
  A hippogriff (D:8)
  Sigmund (D:4)
  2 hungry ghosts (D:8)
  Menkaure (D:4)
  3 ice beasts
  5 orc warriors
  A black bear (D:8)
  A phantom (D:8)
  An ogre (D:7)
  A bullfrog (D:9)
  2 scorpions
  4 wights (D:7)
  4 killer bees (D:7)
  4 howler monkeys (D:7)
  4 crimson imps
  A centaur zombie (D:5)
  A jelly (D:8)
  4 orc priests
  2 iguanas (D:4)
  Natasha (D:1)
  6 orc wizards
  3 worker ants
  A killer bee zombie (D:7)
  A hound zombie (D:8)
  A gnoll (D:1)
  A worker ant zombie (D:8)
  8 adders
  2 shadow imps (D:7)
  2 oozes
  A worm (D:4)
  3 dart slugs
  3 leopard geckos
  21 orcs
  8 bats
  7 giant cockroaches
  8 hobgoblins
  6 jackals
  7 kobolds
  3 quokkas
  4 frilled lizards
  14 goblins
  A quokka skeleton (D:5)
  6 rats
163 creatures vanquished.

Vanquished Creatures (others)
  A scorpion (D:9)
  A worm (D:4)
  An orc (D:8)
3 creatures vanquished.

Grand Total: 166 creatures vanquished

Notes
Turn   | Place    | Note
-------+----------+-------------------------------------------
     0 | D:1      | royokou the Gargoyle Earth Elementalist began the quest for the Orb.
     0 | D:1      | Reached XP level 1. HP: 10/10 MP: 3/3
   216 | D:1      | Reached skill level 4 in Earth Magic
   216 | D:1      | Reached XP level 2. HP: 12/15 MP: 5/5
   265 | D:1      | Learned a level 2 spell: Passwall
   695 | D:1      | Reached XP level 3. HP: 19/19 MP: 0/7
   765 | D:1      | Learned a level 3 spell: Stone Arrow
  1354 | D:2      | Reached skill level 1 in Conjurations
  1354 | D:2      | Reached XP level 4. HP: 24/24 MP: 4/8
  1569 | D:2      | Noticed Natasha
  1590 | D:1      | HP: 1/36 [Natasha (3)]
  1625 | D:1      | Killed Natasha
  1625 | D:1      | Reached skill level 5 in Earth Magic
  2037 | D:2      | Reached XP level 5. HP: 28/28 MP: 9/9
  2615 | D:3      | Learned a level 5 spell: Lee's Rapid Deconstruction
  3486 | D:4      | Reached XP level 6. HP: 25/32 MP: 11/11
  3539 | D:4      | Found a staircase to the Ecumenical Temple.
  3541 | D:4      | Noticed Menkaure
  3544 | D:4      | Killed Menkaure
  3544 | D:4      | Reached skill level 6 in Earth Magic
  3553 | Temple   | Entered the Ecumenical Temple
  3577 | Temple   | Became a worshipper of Vehumet
  3621 | D:4      | Found Ylla's Magic Scroll Boutique.
  3624 | D:4      | Bought a scroll of fear for 35 gold pieces
  3624 | D:4      | Bought a scroll of identify for 20 gold pieces
  4150 | D:4      | Reached XP level 7. HP: 30/36 MP: 13/13
  4174 | D:4      | Noticed Sigmund
  4178 | D:4      | Killed Sigmund
  4261 | D:5      | Entered Level 5 of the Dungeon
  4468 | D:5      | Reached skill level 5 in Spellcasting
  4468 | D:5      | Reached skill level 7 in Earth Magic
  4542 | D:5      | Found Teygaf's Antique Weapon Shop.
  4544 | D:5      | Noticed Grinder
  4552 | D:5      | Killed Grinder
  4552 | D:5      | Reached skill level 1 in Fighting
  4552 | D:5      | Reached skill level 1 in Armour
  4552 | D:5      | Reached skill level 5 in Conjurations
  4552 | D:5      | Reached XP level 8. HP: 31/43 MP: 8/15
  4805 | D:5      | You fall through a shaft for 2 floors!
  4830 | D:7      | HP: 1/44 [killer bee (4)]
  5251 | D:7      | Found a basalt altar of Yredelemnul.
  5749 | D:7      | Reached XP level 9. HP: 49/49 MP: 16/17
  5913 | D:7      | Reached skill level 8 in Earth Magic
  6288 | D:8      | Noticed a two-headed ogre
  6295 | D:8      | Killed a two-headed ogre
  6396 | D:8      | Reached * piety under Vehumet
  6396 | D:8      | Offered knowledge of Flame Tongue by Vehumet.
  6521 | D:7      | Learned a level 1 spell: Flame Tongue
  6642 | D:8      | Reached skill level 1 in Fire Magic
  6878 | D:8      | Found a staircase to the Lair.
  6928 | D:8      | Reached XP level 10. HP: 58/58 MP: 13/19
  7630 | D:9      | Reached skill level 9 in Earth Magic
  7738 | D:9      | Reached skill level 5 in Fighting
  7741 | D:9      | Reached skill level 5 in Armour
  7756 | D:9      | HP: 1/59 [orc warrior/short sword (13)]
  7756 | D:9      | Mangled by an orc warrior

Vault maps used:
D:1:      elethiomel_arrival_infinity_welcomes_careful_drivers,
          minmay_gold_behind_fungi
D:2:      wad_crossroads, grunt_ministairs_3, uniq_natasha
D:3:      first_ration
D:4:      minmay_temple_entry_purple_smoke, serial_shops, shop, uniq_sigmund,
          uniq_menkaure
D:5:      fedhas_bush_and_centaur_altar, serial_shops, shop, shop_fountains,
          nicolae_shop_window_shopping, uniq_grinder
D:7:      basic_altar
D:8:      lair_entry_dummy
D:9:      minmay_bloctagon
Temple:   nicolae_temple_the_god_donut

Skill      XL: |  1  2  3  4  5  6  7  8  9 10 |
---------------+-------------------------------+-----
Earth Magic    | 4 5 6 7 8 9 |  9.0
Spellcasting   | 3 4 5 6 |  6.6
Conjurations   | 1 2 3 5 6 7 |  7.0
Fighting       | 1 2 4 5 |  5.0
Armour         | 1 2 4 5 |  5.0
Dodging        | 2 3 4 |  4.2
Fire Magic     | 1 2 |  2.2
Stealth        | |  2.1
Transmutations | |  0.7

Action                   |  1- 3 |  4- 6 |  7- 9 | 10-12 || total
-------------------------+-------+-------+-------+-------++-------
Melee: Short sword       |    46 |       |       |       ||    46
       Morningstar       |       |   133 |   115 |    29 ||   277
 Cast: Sandblast         |    33 |    27 |     7 |     1 ||    68
       Stone Arrow       |       |     3 |    80 |    37 ||   120
       Lee's Rapid Decon |       |       |     1 |       ||     1
  Use: Potion            |       |     3 |       |       ||     3
       Scroll            |       |       |     9 |       ||     9
 Stab: Sleeping          |       |     4 |     3 |       ||     7
       Distracted        |       |     1 |       |       ||     1
  Eat: Chunk             |     2 |     8 |     6 |     4 ||    20
       Ration            |       |       |     3 |       ||     3
Armor: Robe              |    22 |    57 |    62 |     7 ||   148
       Skin              |       |    12 |       |       ||    12
       Leather armour    |       |       |       |    10 ||    10
Dodge: Dodged            |    47 |   118 |    98 |    28 ||   291

Table legend:
 A = Spawn XP
 B = Non-spawn XP
 C = Spawn XP percentage of total XP
 D = Spawn monster count
 E = Non-spawn monster count
 F = Spawn count percentage of total count
 G = Total turns spent on level
                    A         B        C        D         E        F      G
               +---------+---------+-------+---------+---------+-------+---------
         Total |       0 |    5910 |   0.0 |       0 |     166 |   0.0 |  7756
               +---------+---------+-------+---------+---------+-------+---------
           D:1 |       0 |      88 |   0.0 |       0 |      25 |   0.0 |  1471
           D:2 |       0 |      93 |   0.0 |       0 |      27 |   0.0 |   779
           D:3 |       0 |      88 |   0.0 |       0 |      20 |   0.0 |   766
           D:4 |       0 |     580 |   0.0 |       0 |      14 |   0.0 |  1197
           D:5 |       0 |     703 |   0.0 |       0 |      12 |   0.0 |   544
           D:7 |       0 |    1219 |   0.0 |       0 |      27 |   0.0 |  1621
           D:8 |       0 |    2635 |   0.0 |       0 |      30 |   0.0 |  1199
           D:9 |       0 |     504 |   0.0 |       0 |      11 |   0.0 |   131
               +---------+---------+-------+---------+---------+-------+---------
